 Dungeon Crawl Stone Soup version 0.22.1-2-g9c5b331383 (webtiles) character file.

96 Nygeryga the Chopper (level 4, 0/41 HPs)
             Began as a Minotaur Berserker on Nov 13, 2018.
             Was a Follower of Trog.
             Slain by a sky beast (1 damage)
             ... on level 3 of the Dungeon.
             The game lasted 00:08:10 (2020 turns).

Nygeryga the Chopper (Minotaur Berserker)           Turns: 2020, Time: 00:08:11

Health: 0/41       AC:  5    Str: 22    XL:     4   Next: 41%
Magic:  3/3        EV: 11    Int:  4    God:    Trog [*.....]
Gold:   88         SH:  0    Dex: 10    Spells: 3/3 levels left

rFire    . . .     SeeInvis .   a - +0 hand axe
rCold    . . .     Gourm    .   (no shield)
rNeg     . . .     Faith    .   k - +0 ring mail
rPois    .         Spirit   .   (helmet restricted)
rElec    .         Reflect  .   (no cloak)
rCorr    .         Harm     .   (no gloves)
MR       .....                  (no boots)
Stlth    ..........             (no amulet)
HPRegen  0.13/turn              (no ring)
MPRegen  0.08/turn              (no ring)

@: no status effects
A: retaliatory headbutt, horns 2
a: Berserk, Renounce Religion


You were on level 3 of the Dungeon.
You worshipped Trog.
Trog was aware of your devotion.
You were not hungry.

You visited 1 branch of the dungeon, and saw 3 of its levels.

You collected 88 gold pieces.

Inventory:

Hand Weapons
 a - a +0 hand axe (weapon)
Armour
 b - a +0 animal skin
 k - a +0 ring mail (worn)
Jewellery
 p - an uncursed ring of protection from cold {unknown}
Scrolls
 d - a scroll of fear {unknown}
 h - 3 scrolls of remove curse {unknown}
 i - a scroll of magic mapping {unknown}
 j - a scroll of teleportation {unknown}
 m - a scroll of identify {unknown}
 o - a scroll of blinking {unknown}
Potions
 e - a potion of heal wounds {unknown}
 f - a potion of ambrosia {unknown}
 g - a potion of curing {unknown}
 l - a potion of lignification {unknown}
 n - a potion of might {unknown}
 r - a potion of mutation {unknown}
Comestibles
 c - 3 rations
 q - 2 chunks of flesh


   Skills:
 + Level 4.5 Fighting
 * Level 5.7 Axes
 - Level 2.4 Armour
 - Level 2.1 Dodging


You had 3 spell levels left.
You didn't know any spells.
Your spell library was empty.

Dungeon Overview and Level Annotations

Branches:
Dungeon (3/15)

Altars:


Innate Abilities, Weirdness & Mutations

You reflexively headbutt those who attack you in melee.
You have a pair of horns on your head.


Message History

The orc hits you with a flail!
* * * LOW HITPOINT WARNING * * *
The hobgoblin hits you but does no damage.
You barely miss the hobgoblin. You hit the orc.
You kill the orc!
Trog accepts your kill. The hobgoblin hits you with a club.
* * * LOW HITPOINT WARNING * * *
You hit the hobgoblin. Your headbutt misses the hobgoblin.
The hobgoblin is moderately wounded.
You miss something. Something hits you.
* * * LOW HITPOINT WARNING * * *
Something shocks you.
* * * LOW HITPOINT WARNING * * *
Deactivating autopickup; reactivate with Ctrl-A.
The hobgoblin closely misses you.
You hit the hobgoblin.
The hobgoblin is heavily wounded.
You miss something. Something hits you.
You die...

#.#.# #.#.# #.#.#
....#
#############...#
#...........#...#
#.#########.#g).#
#.#<........#@#
#.###########'####
#................#
############.....#
##########.....#
#......รท.......#
#...........####
#...........#
#...........#


You could see a hobgoblin.

Vanquished Creatures
  2 orc wizards (D:3)
  A worm (D:2)
  3 leopard geckos
  4 orcs (D:3)
  4 bats
  A giant cockroach (D:1)
  9 goblins
  3 hobgoblins
  3 kobolds (D:1)
  4 frilled lizards
  5 rats
39 creatures vanquished.

Notes
Turn   | Place    | Note
-------+----------+-------------------------------------------
     0 | D:1      | Nygeryga the Minotaur Berserker began the quest for the
                  | Orb.
     0 | D:1      | Reached XP level 1. HP: 19/19 MP: 0/0
   204 | D:1      | Reached skill level 4 in Axes
   231 | D:1      | Reached XP level 2. HP: 20/27 MP: 1/1
  1516 | D:2      | Reached XP level 3. HP: 30/33 MP: 2/2
  2001 | D:3      | Noticed a sky beast
  2003 | D:3      | Reached skill level 5 in Axes
  2010 | D:3      | Reached XP level 4. HP: 26/41 MP: 3/3
  2019 | D:3      | HP: 1/41 [something (6)]
  2020 | D:3      | Slain by a sky beast

Skill      XL: |  1  2  3 |
---------------+----------+-----
Axes           | 4 5 |  5.7
Fighting       | 4 |  4.5
Armour         | |  2.4
Dodging        | |  2.1

Action                   |  1- 3 |  4- 6 || total
-------------------------+-------+-------++-------
Melee: Hand axe          |    78 |     9 ||    87
       Headbutt          |    14 |     2 ||    16
 Stab: Sleeping          |     1 |       ||     1
  Eat: Chunk             |     3 |       ||     3
Armor: Animal skin       |     5 |       ||     5
       Ring mail         |    14 |     5 ||    19
Dodge: Dodged            |    55 |     3 ||    58
